Wolves vs Marlies

Created - Friday, February 05, 2016 at 02:28

Goals
1 2 3 T
Wolves 0 2 0 2
Marlies 0 1 0 1
Shots
1 2 3 T
Wolves 8 15 8 31
Marlies 12 5 11 28

1st period

No Goal

Penalties :
Andrew O'Brien (TOR) for Cross-checking (Minor) at 7:12, Joe Whitney (CHI) for Hooking (Minor) at 11:52, Jordan Nolan (TOR) for High sticking (Minor) at 18:13

2nd period

1. Wolves , Brian O'Neill 8 (Joe Vitale, Andre Benoit) at 0:08 (PP)
2. Marlies , Jonathon Blum 8 (Jordan Nolan, Ryan Carpenter) at 8:38 (SH)
3. Wolves , Blair Jones 4 (Brian O'Neill, Evgeni Nabokov) at 17:13 (SH)

Penalties :
Jarred Tinordi (TOR) for Fighting (Major) at 5:24, Kevin Lynch (CHI) for Fighting (Major) at 5:24, Andrew O'Brien (TOR) for Hooking (Minor) at 8:25, Zach Miskovic (CHI) for High sticking (Double Minor) at 13:22

3rd period

No Goal

Penalties :
Colton Gillies (TOR) for Fighting (Major) at 6:39, Kevin Lynch (CHI) for Fighting (Major) at 6:39, Colton Gillies (TOR) for instigated a fight (Minor) at 6:39, Colton Gillies (TOR) for instigated a fight (10 Minutes Misconduct) at 6:39, Brian O'Neill (CHI) for Roughing (Minor) at 19:16

Goalie Stats

Evgeni Nabokov (CHI), 27 saves from 28 shots - (0.964), W, 27-6-8, 60:00 minutes
Scott Clemmensen (TOR), 29 saves from 31 shots - (0.935), L, 12-4-15, 59:07 minutes

Players Stats for Wolves

Player Name              G  A  P  +/- PIM S  H  SB GA TA FO     MP     PP MP  PK MP  
------------------------------------------------------------------------------------
Andre Benoit             0  1  1  -1  0   7  1  5  3  2  0/0    25:28   5:26   3:53 
Blair Jones              1  0  1   0  0   4  2  0  4  0  5/7    18:44   3:35   3:06 
Brian O'Neill            1  1  2   1  2   3  1  0  4  0  0/1    16:56   4:17   0:23 
Chris Brown              0  0  0   0  0   2  2  0  5  1  1/4    12:08   0:00   0:00 
Colton Sissons           0  0  0  -1  0   3  2  0  2  0  0/1    15:06   3:35   0:25 
Evan Rankin              0  0  0   0  0   1  3  0  2  0  0/0    11:43   0:00   0:00 
Gus Young                0  0  0   0  0   2  0  0  0  1  0/0    14:32   0:00   0:00 
Joakim Nordstrom         0  0  0   0  0   1  0  0  0  0  0/1    19:36   4:17   2:31 
Joe Piskula              0  0  0   1  0   1  0  0  2  0  0/0    20:00   2:26   2:48 
Joe Vitale               0  1  1   0  0   3  1  0  2  0  8/19   19:53   4:17   3:07 
Joe Whitney              0  0  0  -1  2   2  1  0  1  1  0/2    16:25   3:35   1:26 
Josh Anderson            0  0  0   0  0   1  1  0  1  1  0/0     9:50   0:00   0:00 
Kevin Gagne              0  0  0   1  0   0  0  1  0  0  0/0    20:00   2:26   2:48 
Kevin Lynch              0  0  0   0  10  0  1  0  0  0  3/9     8:26   0:00   0:00 
Ryan Sproul              0  0  0  -1  0   0  2  1  0  1  0/0    25:28   5:26   3:53 
Scott Kosmachuk          0  0  0   0  0   0  0  0  1  0  0/0     9:50   0:00   0:00 
Sebastian Wannstrom      0  0  0   0  0   0  1  0  1  0  2/2    14:26   0:00   2:24 
Zach Miskovic            0  0  0   0  4   1  1  0  1  0  0/0    14:43   0:00   0:00 

Players Stats for Marlies

Player Name              G  A  P  +/- PIM S  H  SB GA TA FO     MP     PP MP  PK MP  
------------------------------------------------------------------------------------
Andrew O'Brien           0  0  0   0  4   0  0  1  0  0  0/0     9:55   0:00   0:00 
Andrew Yogan             0  0  0  -1  0   1  1  1  0  2  3/4    15:40   3:26   2:37 
Andy Miele               0  0  0   0  0   3  2  0  3  1  0/1    16:19   0:22   1:05 
Austen Brassard          0  0  0  -1  0   0  1  0  0  0  0/0    12:25   0:36   1:37 
Bobby Shea               0  0  0   0  0   0  0  0  0  0  0/0     0:57   0:46   0:00 
Colton Gillies           0  0  0   0  17  1  1  0  0  0  1/3    16:05   2:06   0:56 
David Shields            0  0  0   1  0   0  4  0  0  0  0/0    19:59   3:02   3:54 
Gemel Smith              0  0  0   0  0   0  0  0  0  0  5/8    16:56   3:17   0:00 
Jarred Tinordi           0  0  0  -1  5   1  4  0  2  2  0/0    17:03   3:39   0:01 
Jonathon Blum            1  0  1   1  0   5  3  2  1  4  0/0    26:09   3:02   3:54 
Jordan Nolan             0  1  1   1  2   3  0  1  1  5  0/0    16:34   0:00   3:58 
Josh Jooris              0  0  0   0  0   1  0  0  0  1  8/12   15:30   3:07   0:00 
Phil Di Giuseppe         0  0  0  -1  0   1  1  0  0  1  0/0    13:19   1:04   0:00 
Rich Clune               0  0  0   0  0   2  0  0  1  0  3/6     9:39   0:00   0:00 
Ryan Carpenter           0  1  1   1  0   2  2  0  0  1  7/11   21:25   2:48   5:20 
Scott Harrington         0  0  0  -1  0   6  1  1  0  3  0/0    28:07   2:53   3:58 
Stefan Noesen            0  0  0   0  0   0  1  1  2  0  0/1    18:05   3:17   0:11 
Travis Ehrhardt          0  0  0   0  0   2  0  0  1  0  0/0    17:57   0:00   3:58 

3 Stars

1 - Evgeni Nabokov (CHI)
2 - Jonathon Blum (TOR)
3 - Brian O'Neill (CHI)

Power Play

Wolves - 1 on 4 Attempt(s) - 25.00%
Marlies - 0 on 4 Attempt(s) - 0.00%

Penalty Kill

Wolves - 4 on 4 Attempt(s) - 100.00% - Score 1 goal in Penalty Kill
Marlies - 3 on 4 Attempt(s) - 75.00% - Score 1 goal in Penalty Kill

Team Stat

Wolves - Hits : 19 - Faceoff Wins : 19 - Blocked Shots : 7 - Penalty Minutes : 18
Marlies - Hits : 21 - Faceoff Wins : 27 - Blocked Shots : 7 - Penalty Minutes : 28

Official

Referees : Unknown
Linesman : Unknown

Game Notes

Jarred Tinordi and Kevin Lynch fight to a draw at 5:24 of 2nd period
Colton Gillies and Kevin Lynch fight to a draw at 6:39 of 3rd period

Finance

Level 1 -- Attendance: 1596 (79.80%) -- Ticket Income $55,860
Level 2 -- Attendance: 749 (74.90%) -- Ticket Income $11,235
Total Attendance: 2345 (78.17%)
Total Ticket Income: $67,095
Other Income: $32,877
Total Income: $99,972

Wolves

5 vs 5 Forward 
   Center                   Left Wing                Right Wing               Time % Phy DF OF 
 1 Joe Vitale               Joakim Nordstrom         Brian O'Neill            35     1   2  2  
 2 Blair Jones              Joe Whitney              Colton Sissons           30     1   2  2  
 3 Chris Brown              Sebastian Wannstrom      Evan Rankin              22     1   2  2  
 4 Kevin Lynch              Josh Anderson            Scott Kosmachuk          13     1   2  2  

5 vs 5 Defense 
   Defense                  Defense                                           Time % Phy DF OF 
 1 Andre Benoit             Ryan Sproul                                       35     1   2  2  
 2 Joe Piskula              Kevin Gagne                                       30     1   2  2  
 3 Gus Young                Zach Miskovic                                     22     1   2  2  
 4 Andre Benoit             Ryan Sproul                                       13     1   2  2  

PowerPlay Forward 
   Center                   Left Wing                Right Wing               Time % Phy DF OF 
 1 Joe Vitale               Joakim Nordstrom         Brian O'Neill            60     1   2  2  
 2 Blair Jones              Joe Whitney              Colton Sissons           40     1   2  2  

PowerPlay Defense
   Defense                  Defense                                           Time % Phy DF OF 
 1 Andre Benoit             Ryan Sproul                                       60     1   2  2  
 2 Joe Piskula              Kevin Gagne                                       40     1   2  2  

Penalty Kill 4 Players Forward 
   Center                   Wing                     Time % Phy DF OF 
 1 Joe Vitale               Joakim Nordstrom         60     1   2  2  
 2 Brian O'Neill            Blair Jones              40     1   2  2  

Penalty Kill 4 Players Defense
   Defense                  Defense                  Time % Phy DF OF 
 1 Andre Benoit             Ryan Sproul              60     1   2  2  
 2 Joe Piskula              Kevin Gagne              40     1   2  2  

Penalty Kill - 3 Players Forward 
   Forward                                           Time % Phy DF OF 
 1 Joe Vitale                                        60     1   2  2  
 2 Joakim Nordstrom                                  40     1   2  2  

Penalty Kill - 3 Players Defense
   Defense                  Defense                  Time % Phy DF OF 
 1 Andre Benoit             Ryan Sproul              60     1   2  2  
 2 Joe Piskula              Kevin Gagne              40     1   2  2  

4 vs 4 Forward 
   Center                   Wing                     Time % Phy DF OF 
 1 Joe Vitale               Joakim Nordstrom         60     1   2  2  
 2 Brian O'Neill            Blair Jones              40     1   2  2  

4 vs 4 Defense
   Defense                  Defense                  Time % Phy DF OF 
 1 Andre Benoit             Ryan Sproul              60     1   2  2  
 2 Joe Piskula              Kevin Gagne              40     1   2  2  

Last Minutes Offensive
   Center                   Left Wing                Right Wing               Defense                  Defense                  
   Joe Vitale               Joakim Nordstrom         Brian O'Neill            Andre Benoit             Ryan Sproul              

Last Minutes Defensive
   Center                   Left Wing                Right Wing               Defense                  Defense                  
   Joe Vitale               Joakim Nordstrom         Brian O'Neill            Andre Benoit             Ryan Sproul              

Goaltenders
Starting : Evgeni Nabokov           
Backup : Jared Coreau             

Extra Forwards
Normal : Chris Brown, Evan Rankin, Sebastian Wannstrom - PP : Chris Brown, Evan Rankin - PK : Sebastian Wannstrom
Extra Defensemen
Normal : Gus Young, Zach Miskovic, Joe Piskula - PP : Gus Young - PK : Zach Miskovic, Joe Piskula
Penalty Shots
Joe Vitale, Joakim Nordstrom, Brian O'Neill, Blair Jones, Colton Sissons

Marlies

5 vs 5 Forward 
   Center                   Left Wing                Right Wing               Time % Phy DF OF 
 1 Josh Jooris              Jordan Nolan             Ryan Carpenter           35     1   2  2  
 2 Gemel Smith              Andy Miele               Stefan Noesen            30     1   2  2  
 3 Andrew Yogan             Colton Gillies           Austen Brassard          22     1   2  2  
 4 Rich Clune               Phil Di Giuseppe         Colton Gillies           13     1   2  2  

5 vs 5 Defense 
   Defense                  Defense                                           Time % Phy DF OF 
 1 Jarred Tinordi           Scott Harrington                                  35     1   2  2  
 2 Jonathon Blum            David Shields                                     30     1   2  2  
 3 Scott Harrington         Travis Ehrhardt                                   22     1   2  2  
 4 Andrew O'Brien           Jonathon Blum                                     13     1   2  2  

PowerPlay Forward 
   Center                   Left Wing                Right Wing               Time % Phy DF OF 
 1 Colton Gillies           Josh Jooris              Ryan Carpenter           60     1   2  2  
 2 Gemel Smith              Andrew Yogan             Stefan Noesen            40     1   2  2  

PowerPlay Defense
   Defense                  Defense                                           Time % Phy DF OF 
 1 Jarred Tinordi           Scott Harrington                                  60     1   2  2  
 2 Jonathon Blum            David Shields                                     40     1   2  2  

Penalty Kill 4 Players Forward 
   Center                   Wing                     Time % Phy DF OF 
 1 Ryan Carpenter           Jordan Nolan             60     1   2  2  
 2 Austen Brassard          Colton Gillies           40     1   2  2  

Penalty Kill 4 Players Defense
   Defense                  Defense                  Time % Phy DF OF 
 1 Travis Ehrhardt          Scott Harrington         60     1   2  2  
 2 Jonathon Blum            David Shields            40     1   2  2  

Penalty Kill - 3 Players Forward 
   Forward                                           Time % Phy DF OF 
 1 Colton Gillies                                    60     1   2  2  
 2 Ryan Carpenter                                    40     1   2  2  

Penalty Kill - 3 Players Defense
   Defense                  Defense                  Time % Phy DF OF 
 1 Jarred Tinordi           Scott Harrington         60     1   2  2  
 2 Jonathon Blum            David Shields            40     1   2  2  

4 vs 4 Forward 
   Center                   Wing                     Time % Phy DF OF 
 1 Ryan Carpenter           Phil Di Giuseppe         60     1   2  2  
 2 Josh Jooris              Colton Gillies           40     1   2  2  

4 vs 4 Defense
   Defense                  Defense                  Time % Phy DF OF 
 1 Andrew O'Brien           Scott Harrington         60     1   2  2  
 2 Jonathon Blum            David Shields            40     1   2  2  

Last Minutes Offensive
   Center                   Left Wing                Right Wing               Defense                  Defense                  
   Josh Jooris              Jordan Nolan             Ryan Carpenter           Jarred Tinordi           Scott Harrington         

Last Minutes Defensive
   Center                   Left Wing                Right Wing               Defense                  Defense                  
   Josh Jooris              Jordan Nolan             Ryan Carpenter           Jarred Tinordi           Scott Harrington         

Goaltenders
Starting : Scott Clemmensen         
Backup : Dustin Tokarski          

Extra Forwards
Normal : Phil Di Giuseppe, Austen Brassard, Andrew Yogan - PP : Phil Di Giuseppe, Austen Brassard - PK : Andrew Yogan
Extra Defensemen
Normal : Scott Harrington, Travis Ehrhardt, Andrew O'Brien - PP : Scott Harrington - PK : Travis Ehrhardt, Andrew O'Brien
Penalty Shots
Jordan Nolan, Stefan Noesen, Phil Di Giuseppe, Colton Gillies, Ryan Carpenter

% Time on Ice - Wolves

Lines # - Real PCT - Wanted PCT - Time Play
Normal Forward
1 - 28% - 35% - 12:48
2 - 24% - 30% - 11:06
3 - 26% - 22% - 11:43
4 - 22% - 13% - 9:50
Normal Defense
1 - 33% - 35% - 14:54
2 - 32% - 30% - 14:46
3 - 32% - 22% - 14:32
4 - 3% - 13% - 1:15
PP Forward
1 - 54% - 60% - 4:17
2 - 46% - 40% - 3:35
PP Defense
1 - 69% - 60% - 5:26
2 - 31% - 40% - 2:26
PK Forward
1 - 94% - 60% - 6:18
2 - 6% - 40% - 0:23
PK Defense
1 - 58% - 60% - 3:53
2 - 42% - 40% - 2:48
PK3 Forward
1 - 0% - 60%
2 - 0% - 40%
PK3 Defense
1 - 0% - 60%
2 - 0% - 40%
44 Forward
1 - 0% - 60%
2 - 0% - 40%
44 Defense
1 - 0% - 60%
2 - 0% - 40%
Last Minute Offensive  - 0:00
Last Minute Defensive  - 0:00
Total
Forward - 60:00
Defense - 60:00

% Time on Ice - Marlies

Lines # - Real PCT - Wanted PCT - Time Play
Normal Forward
1 - 28% - 35% - 12:40
2 - 32% - 30% - 14:15
3 - 19% - 22% - 8:39
4 - 21% - 13% - 9:39
Normal Defense
1 - 33% - 35% - 15:04
2 - 29% - 30% - 13:03
3 - 23% - 22% - 10:21
4 - 15% - 13% - 6:45
PP Forward
1 - 49% - 60% - 3:15
2 - 51% - 40% - 3:26
PP Defense
1 - 55% - 60% - 3:39
2 - 45% - 40% - 3:02
PK Forward
1 - 79% - 60% - 6:15
2 - 21% - 40% - 1:37
PK Defense
1 - 50% - 60% - 3:58
2 - 50% - 40% - 3:54
PK3 Forward
1 - 0% - 60%
2 - 0% - 40%
PK3 Defense
1 - 0% - 60%
2 - 0% - 40%
44 Forward
1 - 0% - 60%
2 - 0% - 40%
44 Defense
1 - 0% - 60%
2 - 0% - 40%
Last Minute Offensive  - 0:14
Last Minute Defensive  - 0:00
Total
Forward - 60:00
Defense - 60:00

Play by Play

1st period


0:01 of 1st period - Josh Jooris wins face-off versus Brian O'Neill in neutral zone.
0:50 of 1st period - Wrist shot by Andy Miele.
0:50 of 1st period - Shot Misses the Net.
0:58 of 1st period - Gemel Smith is hit by Ryan Sproul and loses puck.
1:17 of 1st period - Snap shot by Andy Miele.
1:17 of 1st period - Stopped by Evgeni Nabokov with a rebound.
1:51 of 1st period - Slapshot by Scott Harrington.
1:51 of 1st period - Stopped by Evgeni Nabokov with a rebound.
1:57 of 1st period - Snap shot by Colton Gillies.
1:57 of 1st period - Stopped by Evgeni Nabokov without a rebound.
1:58 of 1st period - Rich Clune wins face-off versus Chris Brown in Wolves zone.
2:51 of 1st period - Josh Anderson is hit by Scott Harrington and loses puck.
4:20 of 1st period - Wrist shot by Brian O'Neill.
4:20 of 1st period - Shot Misses the Net.
5:52 of 1st period - Joakim Nordstrom is hit by Ryan Carpenter.
7:12 of 1st period - Minor Penalty to Andrew O'Brien for Cross-checking.
7:13 of 1st period - Ryan Carpenter wins face-off versus Joe Vitale in Marlies zone.
7:55 of 1st period - David Shields is hit by Blair Jones and loses puck.
8:18 of 1st period - Slapshot by Joe Vitale.
8:18 of 1st period - Stopped by Scott Clemmensen with a rebound.
8:28 of 1st period - Andy Miele is hit by Colton Sissons and loses puck.
8:37 of 1st period - Andre Benoit is hit by Andy Miele and loses puck.
9:12 of 1st period - Penalty to Andrew O'Brien is over, Andrew O'Brien is back on ice.
9:20 of 1st period - Joe Vitale is hit by Stefan Noesen.
9:36 of 1st period - Slapshot by Andy Miele.
9:36 of 1st period - Shot Misses the Net.
10:10 of 1st period - Slapshot by Chris Brown.
10:10 of 1st period - Stopped by Scott Clemmensen without a rebound.
10:11 of 1st period - Andrew Yogan wins face-off versus Kevin Lynch in Marlies zone.
10:16 of 1st period - Wrist shot by Colton Gillies.
10:16 of 1st period - Shot Misses the Net.
10:59 of 1st period - Andre Benoit is hit by Andy Miele and loses puck.
11:52 of 1st period - Minor Penalty to Joe Whitney for Hooking.
11:53 of 1st period - Gemel Smith wins face-off versus Joe Vitale in Wolves zone.
12:05 of 1st period - Slapshot by Jonathon Blum.
12:05 of 1st period - Stopped by Evgeni Nabokov with a rebound.
12:50 of 1st period - Slapshot by Scott Harrington.
12:50 of 1st period - Shot Blocked by Andre Benoit.
12:52 of 1st period - Slapshot by Jarred Tinordi.
12:52 of 1st period - Deflect By Josh Jooris.
12:52 of 1st period - Shot Blocked by Andre Benoit.
12:52 of 1st period - Puck is out of play.
12:53 of 1st period - Sebastian Wannstrom wins face-off versus Colton Gillies in Wolves zone.
12:53 of 1st period - Sebastian Wannstrom is hit by Jarred Tinordi.
13:12 of 1st period - Joe Vitale is hit by Andrew Yogan and loses puck.
13:52 of 1st period - Penalty to Joe Whitney is over, Joe Whitney is back on ice.
14:26 of 1st period - Slapshot by Gus Young.
14:26 of 1st period - Stopped by Scott Clemmensen without a rebound.
14:27 of 1st period - Rich Clune wins face-off versus Kevin Lynch in Marlies zone.
14:36 of 1st period - Snap shot by Rich Clune.
14:36 of 1st period - Stopped by Evgeni Nabokov with a rebound.
14:56 of 1st period - Slapshot by Josh Anderson.
14:56 of 1st period - Stopped by Scott Clemmensen with a rebound.
15:13 of 1st period - Travis Ehrhardt is hit by Chris Brown and loses puck.
15:44 of 1st period - Snap shot by Joe Whitney.
15:44 of 1st period - Stopped by Scott Clemmensen without a rebound.
15:45 of 1st period - Gemel Smith wins face-off versus Colton Sissons in Marlies zone.
15:45 of 1st period - Gemel Smith is hit by Ryan Sproul.
15:57 of 1st period - Slapshot by Andy Miele.
15:57 of 1st period - Stopped by Evgeni Nabokov without a rebound.
15:58 of 1st period - Blair Jones wins face-off versus Gemel Smith in Wolves zone.
16:13 of 1st period - Slapshot by Andy Miele.
16:13 of 1st period - Shot Blocked by Andre Benoit.
16:15 of 1st period - Snap shot by Andy Miele.
16:15 of 1st period - Stopped by Evgeni Nabokov with a rebound.
16:17 of 1st period - Slapshot by Jarred Tinordi.
16:17 of 1st period - Stopped by Evgeni Nabokov without a rebound.
16:18 of 1st period - Josh Jooris wins face-off versus Kevin Lynch in Wolves zone.
16:19 of 1st period - Snap shot by Jordan Nolan.
16:19 of 1st period - Shot Blocked by Kevin Gagne.
16:21 of 1st period - Slapshot by Travis Ehrhardt.
16:21 of 1st period - Stopped by Evgeni Nabokov without a rebound.
16:22 of 1st period - Josh Jooris wins face-off versus Kevin Lynch in Wolves zone.
16:35 of 1st period - Snap shot by Jordan Nolan.
16:35 of 1st period - Stopped by Evgeni Nabokov with a rebound.
16:41 of 1st period - Wrist shot by Jordan Nolan.
16:41 of 1st period - Stopped by Evgeni Nabokov without a rebound.
16:42 of 1st period - Joe Vitale wins face-off versus Gemel Smith in Wolves zone.
16:53 of 1st period - Snap shot by Joe Vitale.
16:53 of 1st period - Deflect By Stefan Noesen.
16:53 of 1st period - Stopped by Scott Clemmensen with a rebound.
16:55 of 1st period - Slapshot by Andre Benoit.
16:55 of 1st period - Shot Blocked by Stefan Noesen.
17:09 of 1st period - Joakim Nordstrom is hit by Jonathon Blum and loses puck.
17:30 of 1st period - Zach Miskovic is hit by David Shields.
18:13 of 1st period - Minor Penalty to Jordan Nolan for High sticking.
18:14 of 1st period - Ryan Carpenter wins face-off versus Blair Jones in Marlies zone.
18:23 of 1st period - Snap shot by Colton Sissons.
18:23 of 1st period - Stopped by Scott Clemmensen without a rebound.
18:24 of 1st period - Blair Jones wins face-off versus Ryan Carpenter in Marlies zone.
18:43 of 1st period - Snap shot by Ryan Carpenter.
18:43 of 1st period - Stopped by Evgeni Nabokov without a rebound.
18:44 of 1st period - Ryan Carpenter wins face-off versus Joe Vitale in Wolves zone.
18:45 of 1st period - Wrist shot by Scott Harrington.
18:45 of 1st period - Shot Misses the Net.
18:51 of 1st period - Slapshot by Andre Benoit.
18:51 of 1st period - Stopped by Scott Clemmensen without a rebound.
18:52 of 1st period - Joe Vitale wins face-off versus Ryan Carpenter in Marlies zone.
Goals for this period are 0 for Wolves vs 0 for Marlies.
Shots for this period are 8 for Wolves vs 12 for Marlies.

2nd period


0:01 of 2nd period - Joe Vitale wins face-off versus Ryan Carpenter in neutral zone.
0:06 of 2nd period - Snap shot by Joe Vitale.
0:06 of 2nd period - Shot Misses the Net.
0:08 of 2nd period - Wrist shot by Brian O'Neill.
0:08 of 2nd period - Goal by Brian O'Neill - Wolves : 1 - Marlies : 0.
0:09 of 2nd period - Joe Vitale wins face-off versus Josh Jooris in neutral zone.
0:19 of 2nd period - Slapshot by Andre Benoit.
0:19 of 2nd period - Stopped by Scott Clemmensen with a rebound.
0:21 of 2nd period - Wrist shot by Joe Vitale.
0:21 of 2nd period - Deflect By Brian O'Neill.
0:21 of 2nd period - Stopped by Scott Clemmensen with a rebound.
0:37 of 2nd period - Snap shot by Josh Jooris.
0:37 of 2nd period - Shot Misses the Net.
0:55 of 2nd period - Slapshot by Andre Benoit.
0:55 of 2nd period - Deflect By Scott Harrington.
0:55 of 2nd period - Stopped by Scott Clemmensen with a rebound.
0:57 of 2nd period - Snap shot by Colton Sissons.
0:57 of 2nd period - Stopped by Scott Clemmensen with a rebound.
1:17 of 2nd period - Slapshot by Joe Whitney.
1:17 of 2nd period - Deflect By Colton Sissons.
1:17 of 2nd period - Stopped by Scott Clemmensen with a rebound.
1:19 of 2nd period - Wrist shot by Blair Jones.
1:19 of 2nd period - Stopped by Scott Clemmensen without a rebound.
1:20 of 2nd period - Gemel Smith wins face-off versus Chris Brown in Marlies zone.
1:33 of 2nd period - Wrist shot by Chris Brown.
1:33 of 2nd period - Shot Misses the Net.
1:42 of 2nd period - Wrist shot by Evan Rankin.
1:42 of 2nd period - Deflect By Chris Brown.
1:42 of 2nd period - Shot Blocked by Jonathon Blum.
1:42 of 2nd period - Puck is out of play.
1:43 of 2nd period - Kevin Lynch wins face-off versus Rich Clune in Marlies zone.
1:44 of 2nd period - Slapshot by Andre Benoit.
1:44 of 2nd period - Shot Blocked by Andrew O'Brien.
1:52 of 2nd period - Snap shot by Scott Kosmachuk.
1:52 of 2nd period - Shot Blocked by Jonathon Blum.
1:54 of 2nd period - Slapshot by Andre Benoit.
1:54 of 2nd period - Stopped by Scott Clemmensen without a rebound.
1:55 of 2nd period - Kevin Lynch wins face-off versus Rich Clune in Marlies zone.
2:31 of 2nd period - Jonathon Blum is hit by Kevin Lynch and loses puck.
3:06 of 2nd period - Wrist shot by Brian O'Neill.
3:06 of 2nd period - Stopped by Scott Clemmensen without a rebound.
3:07 of 2nd period - Josh Jooris wins face-off versus Joe Whitney in Marlies zone.
4:20 of 2nd period - Slapshot by Gus Young.
4:20 of 2nd period - Stopped by Scott Clemmensen with a rebound.
4:54 of 2nd period - Andy Miele is hit by Joe Vitale.
5:11 of 2nd period - Andrew Yogan is hit by Brian O'Neill and loses puck.
5:24 of 2nd period - Jarred Tinordi and Kevin Lynch fight to a draw.
5:24 of 2nd period - Penalty to Jarred Tinordi for Fighting.
5:24 of 2nd period - Penalty to Kevin Lynch for Fighting.
5:25 of 2nd period - Blair Jones wins face-off versus Josh Jooris in neutral zone.
5:28 of 2nd period - Slapshot by Andre Benoit.
5:28 of 2nd period - Deflect By Josh Jooris.
5:28 of 2nd period - Stopped by Scott Clemmensen with a rebound.
5:30 of 2nd period - Slapshot by Andre Benoit.
5:30 of 2nd period - Stopped by Scott Clemmensen with a rebound.
5:44 of 2nd period - Slapshot by Jordan Nolan.
5:44 of 2nd period - Shot Misses the Net.
6:04 of 2nd period - Andre Benoit is hit by David Shields.
6:20 of 2nd period - Joe Piskula is hit by Jonathon Blum and loses puck.
6:25 of 2nd period - Slapshot by Scott Harrington.
6:25 of 2nd period - Shot Misses the Net.
7:04 of 2nd period - Scott Harrington is hit by Chris Brown and loses puck.
7:09 of 2nd period - Slapshot by Chris Brown.
7:09 of 2nd period - Shot Blocked by Scott Harrington.
7:11 of 2nd period - Wrist shot by Sebastian Wannstrom.
7:11 of 2nd period - Shot Misses the Net.
8:02 of 2nd period - Slapshot by Andre Benoit.
8:02 of 2nd period - Shot Misses the Net.
8:25 of 2nd period - Minor Penalty to Andrew O'Brien for Hooking.
8:26 of 2nd period - Ryan Carpenter wins face-off versus Blair Jones in Marlies zone.
8:38 of 2nd period - Slapshot by Jonathon Blum.
8:38 of 2nd period - Goal by Jonathon Blum - Wolves : 1 - Marlies : 1.
8:39 of 2nd period - Ryan Carpenter wins face-off versus Joe Vitale in neutral zone.
8:44 of 2nd period - Slapshot by Jonathon Blum.
8:44 of 2nd period - Stopped by Evgeni Nabokov with a rebound.
8:46 of 2nd period - Snap shot by Jordan Nolan.
8:46 of 2nd period - Shot Blocked by Ryan Sproul.
8:48 of 2nd period - Slapshot by Jonathon Blum.
8:48 of 2nd period - Stopped by Evgeni Nabokov with a rebound.
8:52 of 2nd period - Wrist shot by Ryan Carpenter.
8:52 of 2nd period - Stopped by Evgeni Nabokov without a rebound.
8:53 of 2nd period - Ryan Carpenter wins face-off versus Joe Vitale in Wolves zone.
9:22 of 2nd period - Snap shot by Jonathon Blum.
9:22 of 2nd period - Shot Misses the Net.
9:55 of 2nd period - Austen Brassard is hit by Joe Whitney and loses puck.
10:06 of 2nd period - Jordan Nolan is hit by Blair Jones and loses puck.
10:24 of 2nd period - Penalty to Jarred Tinordi is over, Jarred Tinordi is back on ice.
10:56 of 2nd period - Andre Benoit is hit by Jarred Tinordi and loses puck.
11:24 of 2nd period - Snap shot by Stefan Noesen.
11:24 of 2nd period - Shot Misses the Net.
11:26 of 2nd period - Slapshot by Scott Harrington.
11:26 of 2nd period - Deflect By Stefan Noesen.
11:26 of 2nd period - Shot Misses the Net.
11:26 of 2nd period - Puck is out of play.
11:27 of 2nd period - Chris Brown wins face-off versus Rich Clune in Wolves zone.
11:32 of 2nd period - Phil Di Giuseppe is hit by Evan Rankin and loses puck.
13:22 of 2nd period - Double Minor Penalty to Zach Miskovic for High sticking.
13:23 of 2nd period - Gemel Smith wins face-off versus Joe Vitale in Wolves zone.
13:33 of 2nd period - Snap shot by Scott Harrington.
13:33 of 2nd period - Stopped by Evgeni Nabokov without a rebound.
13:34 of 2nd period - Joe Vitale wins face-off versus Stefan Noesen in Wolves zone.
14:39 of 2nd period - Josh Jooris is hit by Andre Benoit and loses puck.
15:31 of 2nd period - Snap shot by Joe Whitney.
15:31 of 2nd period - Stopped by Scott Clemmensen with a rebound.
16:21 of 2nd period - Andre Benoit is hit by Ryan Carpenter and loses puck.
16:48 of 2nd period - Joe Vitale is hit by Jarred Tinordi and loses puck.
17:11 of 2nd period - Wrist shot by Blair Jones.
17:11 of 2nd period - Shot Blocked by Andrew Yogan.
17:13 of 2nd period - Snap shot by Blair Jones.
17:13 of 2nd period - Goal by Blair Jones - Wolves : 2 - Marlies : 1.
17:14 of 2nd period - Colton Gillies wins face-off versus Joe Vitale in neutral zone.
17:22 of 2nd period - Penalty to Zach Miskovic is over, Zach Miskovic is back on ice.
17:26 of 2nd period - Joakim Nordstrom is hit by Colton Gillies and loses puck.
17:33 of 2nd period - Snap shot by Colton Gillies.
17:33 of 2nd period - Deflect By Ryan Carpenter.
17:33 of 2nd period - Shot Misses the Net.
17:33 of 2nd period - Puck is out of play.
17:34 of 2nd period - Kevin Lynch wins face-off versus Colton Gillies in Wolves zone.
17:42 of 2nd period - Icing by Josh Anderson.
17:43 of 2nd period - Gemel Smith wins face-off versus Kevin Lynch in Wolves zone.
19:37 of 2nd period - Slapshot by Colton Sissons.
19:37 of 2nd period - Deflect By Joe Whitney.
19:37 of 2nd period - Shot Misses the Net.
19:37 of 2nd period - Puck is out of play.
19:38 of 2nd period - Blair Jones wins face-off versus Josh Jooris in Marlies zone.
19:41 of 2nd period - Snap shot by Blair Jones.
19:41 of 2nd period - Stopped by Scott Clemmensen with a rebound.
19:54 of 2nd period - Off-side.
19:55 of 2nd period - Josh Jooris wins face-off versus Joe Vitale in neutral zone.
Goals for this period are 2 for Wolves vs 1 for Marlies.
Shots for this period are 15 for Wolves vs 5 for Marlies.

3rd period


0:01 of 3rd period - Josh Jooris wins face-off versus Joe Vitale in neutral zone.
0:06 of 3rd period - Wrist shot by Jordan Nolan.
0:06 of 3rd period - Shot Blocked by Andre Benoit.
0:46 of 3rd period - Wrist shot by Joe Whitney.
0:46 of 3rd period - Shot Blocked by Jordan Nolan.
0:48 of 3rd period - Wrist shot by Blair Jones.
0:48 of 3rd period - Stopped by Scott Clemmensen without a rebound.
0:49 of 3rd period - Andrew Yogan wins face-off versus Joe Whitney in Marlies zone.
0:49 of 3rd period - Andrew Yogan is hit by Colton Sissons.
0:57 of 3rd period - Kevin Gagne is hit by Austen Brassard and loses puck.
1:41 of 3rd period - Evan Rankin is hit by Jarred Tinordi.
1:57 of 3rd period - Slapshot by Evan Rankin.
1:57 of 3rd period - Deflect By Chris Brown.
1:57 of 3rd period - Stopped by Scott Clemmensen with a rebound.
2:59 of 3rd period - Joe Vitale is hit by David Shields and loses puck.
4:26 of 3rd period - Snap shot by Josh Jooris.
4:26 of 3rd period - Stopped by Evgeni Nabokov with a rebound.
4:28 of 3rd period - Wrist shot by Josh Jooris.
4:28 of 3rd period - Shot Blocked by Andre Benoit.
5:20 of 3rd period - Austen Brassard is hit by Evan Rankin and loses puck.
5:53 of 3rd period - Icing by Evan Rankin.
5:54 of 3rd period - Joe Vitale wins face-off versus Josh Jooris in Wolves zone.
6:25 of 3rd period - Austen Brassard is hit by Zach Miskovic and loses puck.
6:39 of 3rd period - Colton Gillies and Kevin Lynch fight to a draw.
6:39 of 3rd period - Penalty to Colton Gillies for Fighting.
6:39 of 3rd period - Penalty to Kevin Lynch for Fighting.
6:39 of 3rd period - Penalty to Colton Gillies for instigated a fight.
6:39 of 3rd period - Penalty to Colton Gillies for instigated a fight.
6:40 of 3rd period - Ryan Carpenter wins face-off versus Joe Vitale in Marlies zone.
6:49 of 3rd period - Snap shot by Joe Vitale.
6:49 of 3rd period - Stopped by Scott Clemmensen with a rebound.
6:51 of 3rd period - Wrist shot by Joakim Nordstrom.
6:51 of 3rd period - Stopped by Scott Clemmensen without a rebound.
6:52 of 3rd period - Joe Vitale wins face-off versus Ryan Carpenter in Marlies zone.
7:54 of 3rd period - Joe Piskula is hit by David Shields and loses puck.
8:39 of 3rd period - Penalty to Colton Gillies is over, Stefan Noesen is send on ice.
8:59 of 3rd period - Jarred Tinordi is hit by Sebastian Wannstrom and loses puck.
9:39 of 3rd period - Snap shot by Scott Harrington.
9:39 of 3rd period - Stopped by Evgeni Nabokov with a rebound.
9:41 of 3rd period - Slapshot by Scott Harrington.
9:41 of 3rd period - Shot Misses the Net.
9:50 of 3rd period - Off-side.
9:51 of 3rd period - Rich Clune wins face-off versus Chris Brown in neutral zone.
9:56 of 3rd period - Slapshot by Jonathon Blum.
9:56 of 3rd period - Stopped by Evgeni Nabokov with a rebound.
10:12 of 3rd period - Scott Kosmachuk is hit by Phil Di Giuseppe.
10:25 of 3rd period - Slapshot by Scott Harrington.
10:25 of 3rd period - Stopped by Evgeni Nabokov with a rebound.
10:27 of 3rd period - Slapshot by Travis Ehrhardt.
10:27 of 3rd period - Deflect By Blair Jones.
10:27 of 3rd period - Stopped by Evgeni Nabokov without a rebound.
10:28 of 3rd period - Blair Jones wins face-off versus Gemel Smith in Wolves zone.
10:41 of 3rd period - Slapshot by Scott Harrington.
10:41 of 3rd period - Stopped by Evgeni Nabokov without a rebound.
10:42 of 3rd period - Andrew Yogan wins face-off versus Joakim Nordstrom in Wolves zone.
12:07 of 3rd period - Slapshot by Josh Anderson.
12:07 of 3rd period - Deflect By Kevin Lynch.
12:07 of 3rd period - Shot Misses the Net.
12:07 of 3rd period - Puck is out of play.
12:08 of 3rd period - Josh Jooris wins face-off versus Kevin Lynch in Marlies zone.
13:10 of 3rd period - Wrist shot by Andrew Yogan.
13:10 of 3rd period - Stopped by Evgeni Nabokov with a rebound.
13:41 of 3rd period - Slapshot by Rich Clune.
13:41 of 3rd period - Shot Misses the Net.
14:50 of 3rd period - Wrist shot by Evan Rankin.
14:50 of 3rd period - Stopped by Scott Clemmensen with a rebound.
15:09 of 3rd period - Wrist shot by Rich Clune.
15:09 of 3rd period - Stopped by Evgeni Nabokov with a rebound.
15:11 of 3rd period - Wrist shot by Rich Clune.
15:11 of 3rd period - Shot Misses the Net.
15:13 of 3rd period - Wrist shot by Phil Di Giuseppe.
15:13 of 3rd period - Stopped by Evgeni Nabokov with a rebound.
15:39 of 3rd period - Joe Whitney is hit by Jonathon Blum and loses puck.
15:55 of 3rd period - Snap shot by Joe Piskula.
15:55 of 3rd period - Stopped by Scott Clemmensen with a rebound.
16:07 of 3rd period - Stefan Noesen is hit by Josh Anderson.
16:25 of 3rd period - Snap shot by Jordan Nolan.
16:25 of 3rd period - Stopped by Evgeni Nabokov with a rebound.
16:27 of 3rd period - Slapshot by Scott Harrington.
16:27 of 3rd period - Deflect By Josh Anderson.
16:27 of 3rd period - Stopped by Evgeni Nabokov without a rebound.
16:28 of 3rd period - Josh Jooris wins face-off versus Joe Vitale in Wolves zone.
17:27 of 3rd period - Slapshot by Colton Sissons.
17:27 of 3rd period - Shot Misses the Net.
17:29 of 3rd period - Backhand shot by Zach Miskovic.
17:29 of 3rd period - Stopped by Scott Clemmensen with a rebound.
18:22 of 3rd period - Snap shot by Chris Brown.
18:22 of 3rd period - Shot Misses the Net.
18:24 of 3rd period - Slapshot by Andre Benoit.
18:24 of 3rd period - Stopped by Scott Clemmensen without a rebound.
18:25 of 3rd period - Sebastian Wannstrom wins face-off versus Andrew Yogan in Marlies zone.
18:48 of 3rd period - Travis Ehrhardt is hit by Evan Rankin and loses puck.
19:07 of 3rd period - Marlies, Scott Clemmensen is pulled from the net.
19:16 of 3rd period - Minor Penalty to Brian O'Neill for Roughing.
19:17 of 3rd period - Joe Vitale wins face-off versus Andy Miele in Wolves zone.
Goals for this period are 0 for Wolves vs 0 for Marlies.
Shots for this period are 8 for Wolves vs 11 for Marlies.